Warning! The script has encountered some errors when parsing the replay. Please report them to the . » details
          0x00, prev: 0x16: 16 02 01 00 D3 60 00 00 24 24 02 00 [00] 00 00 00 00 00 00 00 00 00 00 00 00 00 00 00 00 00 00 00 00 00 00 00 02 00 
0x00, prev: 0x00: 16 02 01 00 D3 60 00 00 24 24 02 00 00 00 00 00 00 00 00 00 00 00 00 00 00 00 00 00 00 00 00 00 00 00 [00] 00 02 00 
0x00, prev: 0x01: 16 02 01 00 EC 66 00 00 90 3B 01 00 00 00 00 00 00 00 00 00 00 00 00 00 00 00 00 00 00 00 00 00 00 00 00 00 01 [00] 
0x00, prev: 0x02: 16 02 01 00 D3 60 00 00 24 24 02 00 00 00 00 00 00 00 00 00 00 00 00 00 00 00 00 00 00 00 00 00 00 00 00 00 02 [00] 
        General information
			
			
        
        - name: FFA 50% health all
 
        - type: Custom game
 
        - host: BruceWillisUSA
 
        - saver: BruceWillisUSA
 
        
map: TwistedMeadows 
        - players: 5
 
        - length: 14:31
 
        - speed: Fast
 - version: 1.22 W3XP
 - replay type:  Public
 
» download(52 KB)
Players
        team 1 (winner) 
              
              
BruceWillisUSA (
red | 97 APM | 902 actions | 09:17)
              
 4 Blademaster 
 1 Wind Walk
 2 Critical Strike
 1 Bladestorm
 
                » actions 
                
                | Assign group hotkey | 46 |  | 
| Build / train | 46 |  | 
| ESC pressed | 1 |  | 
| Enter build submenu | 16 |  | 
| Enter hero's abilities submenu | 6 |  | 
| Give item / drop item | 1 |  | 
| Right click | 381 |  | 
| Select / deselect | 112 |  | 
| Select group hotkey | 223 |  | 
| Use ability | 70 |  | 
                902 total
 » units 
                » upgrades
                
                | Ranged Weapons | 2 |  | 
| Liquid Fire | 1 |  | 
| Reinforced Defenses | 1 |  | 
                4 total
 » buildings
                
                | Altar of Storms | 1 |  | 
| Orc Burrow | 4 |  | 
| Voodoo Lounge | 1 |  | 
| War Mill | 1 |  | 
| Stronghold | 1 |  | 
| Watch Tower | 6 |  | 
| Fortress | 1 |  | 
| Beastiary | 3 |  | 
                18 total
 » build order
                00:09 Altar of Storms
00:14 Orc Burrow
00:50 Voodoo Lounge
01:33 War Mill
02:01 Orc Burrow
02:43 Stronghold
03:18 Watch Tower
03:21 Watch Tower
03:22 Watch Tower
04:11 Watch Tower
04:23 Watch Tower
» items
                
                | Lesser Clarity Potion | 5 |  | 
| Healing Salve | 2 |  | 
| Scroll of Speed | 2 |  | 
| Boots of Speed | 1 |  | 
                10 total
  
               team 2 (loser) 
              
              
Orioles8 (
orange | 59 APM | 543 actions | 09:16)
              
 2 Blademaster 
 1 Wind Walk
 1 Critical Strike
 
                » actions 
                
                | Assign group hotkey | 5 |  | 
| Build / train | 35 |  | 
| Enter build submenu | 18 |  | 
| Enter hero's abilities submenu | 2 |  | 
| Remove unit from queue | 1 |  | 
| Right click | 252 |  | 
| Select / deselect | 177 |  | 
| Select group hotkey | 10 |  | 
| Use ability | 43 |  | 
                543 total
 » units 
                » upgrades
                
                | Ranged Weapons | 2 |  | 
| Armor | 2 |  | 
| Liquid Fire | 1 |  | 
                5 total
 » buildings
                
                | Altar of Storms | 1 |  | 
| Orc Burrow | 4 |  | 
| War Mill | 1 |  | 
| Watch Tower | 5 |  | 
| Stronghold | 1 |  | 
| Voodoo Lounge | 1 |  | 
| Beastiary | 3 |  | 
| Fortress | 1 |  | 
                17 total
 » build order
                00:08 Altar of Storms
00:11 Orc Burrow
01:08 War Mill
01:20 Orc Burrow
02:23 Watch Tower
04:11 Fortress
05:21 Beastiary
05:28 Orc Burrow
06:31 Orc Burrow
06:34 Watch Tower
07:28 Watch Tower
» items
                
                | Lesser Clarity Potion | 2 |  | 
| Healing Salve | 2 |  | 
| Orb of Lightning | 1 |  | 
                5 total
  
               team 3 (loser) 
              
              
» 
O_o)Cold (
teal | 139 APM | 1043 actions | 07:31)
              
 2 Demon Hunter 
 1 Mana Burn
 1 Evasion
 
                » actions 
                
                | Assign group hotkey | 1 |  | 
| Basic commands | 3 |  | 
| Build / train | 41 |  | 
| Enter build submenu | 13 |  | 
| Enter hero's abilities submenu | 2 |  | 
| Right click | 481 |  | 
| Select / deselect | 181 |  | 
| Select group hotkey | 276 |  | 
| Use ability | 45 |  | 
                1043 total
 » units 
                
                | Wisp | 22 |  | 
| Druid of the Talon | 5 |  | 
                27 total
 » upgrades
                
                | Druid of the Talon Training | 1 |  | 
                1 total
 » buildings
                
                | Altar of Elders | 1 |  | 
| Moon Well | 3 |  | 
| Hunter's Hall | 1 |  | 
| Ancient of War | 2 |  | 
| Ancient Protector | 2 |  | 
| Tree of Ages | 1 |  | 
| Ancient of Wind | 2 |  | 
| Tree of Eternity | 1 |  | 
                13 total
 » build order
                00:03 Altar of Elders
00:12 Moon Well
01:10 Moon Well
01:49 Hunter's Hall
02:16 Ancient of War
04:11 Ancient of Wind
06:00 Tree of Eternity
» items
                
                | Boots of Speed | 1 |  | 
| Circlet of Nobility | 3 |  | 
| Dust of Appearance | 1 |  | 
| Staff of Teleportation | 1 |  | 
                6 total
  
               team 4 (loser) 
              
              
» 
Ninjakirby (
blue | 74 APM | 341 actions | 04:38)
              
 1 Shadow Hunter 
 1 Healing Wave
 
                » actions 
                
                | Build / train | 33 |  | 
| Enter build submenu | 11 |  | 
| Enter hero's abilities submenu | 1 |  | 
| Right click | 137 |  | 
| Select / deselect | 141 |  | 
| Use ability | 18 |  | 
                341 total
 » units 
                » upgrades
                » buildings
                
                | Altar of Storms | 1 |  | 
| Barracks | 2 |  | 
| Orc Burrow | 4 |  | 
| War Mill | 2 |  | 
                9 total
 » build order
                01:13 Altar of Storms
01:24 Barracks
02:33 Orc Burrow
03:19 Orc Burrow
03:55 Barracks
04:04 Orc Burrow
04:11 War Mill
 
               observerssolar.eclipse Chat log
          (00:20 / All) Orioles8: Bruce I swear if you BM rush me i will suicide on you
(00:26 / All) BruceWillisUSA: lol
(00:32 / All) BruceWillisUSA: what if they bm rush you
(00:40 / All) Orioles8: they (probably) arent orf
(00:42 / All) Orioles8: orc
(00:48 / All) Orioles8: but if they are, that's true for them too
(00:49 / All) Ninjakirby: im orc 0.o
(00:51 / All) Orioles8: lol
(00:58 / All) Orioles8: triple BM rush teal then
(01:00 / All) BruceWillisUSA: whre is everyone
(01:03 / All) BruceWillisUSA: im bottom righ
(01:12 / All) Orioles8: bottom left
(01:20 / All) Ninjakirby: top left
(01:26 / All) BruceWillisUSA: bm rush top righ!
(01:26 / All) Orioles8: teal would be top right then
(01:27 / All) BruceWillisUSA: lol
(01:29 / All) Orioles8: aye aye
(01:34 / All) Orioles8: let's do it
(01:37 / All) Orioles8: how lulzy would that be
(01:45 / All) Ninjakirby: bomb rush"?
(01:56 / All) Orioles8: I love Rush!
(02:07 / All) Orioles8: the canadian rock band, not the strategy, mind you.
(02:52 / All) Orioles8: haha teal is NE
(02:54 / All) Orioles8: it's open season
(04:11 / All) Orioles8: not really
(05:00 / All) Orioles8: wow
(05:04 / All) Orioles8: overpoweredtowers
(05:36 / All) Orioles8: thats the only thing i dislike about 50%
(05:40 / All) Orioles8: encourages tower whoring
(05:57 / All) BruceWillisUSA: this is how i alwyas play orc
(05:58 / All) BruceWillisUSA: lol
(06:08 / All) O_o)Cold: ur pretty bad
(06:11 / All) O_o)Cold: no oeefensce
(06:13 / All) O_o)Cold: offensce
(06:15 / All) Orioles8: lol
(06:18 / All) Orioles8: not really
(06:35 / All) BruceWillisUSA: someones mad they got 1v2 at start
(06:36 / All) BruceWillisUSA: lol
(06:40 / All) Orioles8: yup
(06:40 / All) O_o)Cold: not at all
(06:47 / All) O_o)Cold: tbh im not even playing im talking with a friend
(07:00 / All) Orioles8: excuses much?
(07:05 / All) BruceWillisUSA: yeah whaat a clown
(07:11 / All) O_o)Cold: yeah hats excuses
(07:13 / All) Orioles8: ass clown, to be specific
(07:33 / All) BruceWillisUSA: raped
(07:35 / All) Orioles8: pwnz0red
(07:40 / All) BruceWillisUSA: not too busy talking to spam Q button
(07:45 / All) BruceWillisUSA: after i hall him
(08:23 / All) Orioles8: how bad did you own him?
(08:43 / All) Orioles8: wow
(08:46 / All) Orioles8: so impressive
(08:49 / All) BruceWillisUSA: lol
(08:50 / All) Orioles8: you spammed 'c' faster
(08:55 / All) BruceWillisUSA: f actually
(08:58 / All) BruceWillisUSA: custom keys ^^
(09:04 / All) Orioles8: f for faggot maybe